 Dungeon Crawl Stone Soup version 0.30-a0-305-g026cb31310 (webtiles) character file.

Game seed: 9204618596482471045

237 billz999 the Changer (level 5, -5/30 (35) HPs)
             Began as a Vampire Earth Elementalist on Oct 23, 2022.
             Slain by an iguana (8 damage)
             ... on level 4 of the Dungeon.
             The game lasted 00:05:30 (2341 turns).

billz999 the Changer (Vampire Earth Elementalist)   Turns: 2341, Time: 00:05:31

HP:   -5/30 (35)    AC:  2    Str:  7    XL:     5   Next: 77%
MP:   1/8           EV: 12    Int: 26    God:
Gold: 83            SH:  0    Dex: 14    Spells: 7/8 levels left

rFire   . . .      SeeInvis +    e - +0 sling
rCold   . . .      Faith    .    (no shield)
rNeg    . . .      Spirit   .    a - +0 robe
rPois   .          Reflect  .    (no helmet)
rElec   .          Harm     .    (no cloak)
rCorr   .          Rampage  .    (no gloves)
Will    .....                    (no boots)
Stlth   ++........               (no amulet)
HPRegen 0.45/turn                j - +6 ring of intelligence
MPRegen 0.11/turn                (no ring)

@: healing quickly, heavily drained
A: alive, fangs 3, see invisible, vampiric 2
a: Exsanguinate


You were on level 4 of the Dungeon.
You visited 1 branch of the dungeon, and saw 4 of its levels.

You collected 83 gold pieces.

Inventory:

Hand Weapons
 e - a +0 sling (weapon)
Armour
 a - a +0 robe (worn)
Jewellery
 j - a +6 ring of intelligence (left hand)
 k - an amulet of magic regeneration
Scrolls
 d - 2 scrolls of blinking
 h - 4 scrolls of fog
 i - a scroll of teleportation {unknown}
 m - 3 scrolls of identify
Potions
 b - a potion of magic
 c - a potion of berserk rage {unknown}
 g - a potion of lignification {unknown}
 l - a potion of attraction {unknown}
 n - 2 potions of heal wounds {unknown}
 o - a potion of might {unknown}
 p - a potion of haste {unknown}
 q - a potion of mutation {unknown}
 r - a potion of resistance {unknown}


   Skills:
 - Level 2.1 Dodging
 - Level 3.0 Stealth
 - Level 2.0 Spellcasting
 + Level 6.4 Transmutations
 - Level 3.0 Earth Magic


You had 7 spell levels left.
You knew the following spells:

 Your Spells              Type           Power      Damage    Failure   Level
a - Sandblast             Erth           36%        2d10      3%          1

Your spell library contained the following spells:

 Spells                   Type           Power      Damage    Failure   Level
 Passwall                 Tmut/Erth      22%        N/A       2%          2
 Slow                     Hex            8%         N/A       11%         1
 Petrify                  Tmut/Erth      27%        N/A       16%         4
 Stone Arrow              Conj/Erth      20%        3d8       17%         3
 Confusing Touch          Hex            2%         N/A       30%         3
 Vampiric Draining        Necr           2%         2d6       30%         3


Dungeon Overview and Level Annotations

Branches:
Dungeon (4/15)
 Temple: D:4-7

Altars:
Qazlal

Annotations:
D:3 Terence


Innate Abilities, Weirdness & Mutations

Your natural rate of healing is accelerated.
You have razor-sharp teeth.
You have supernaturally acute eyesight. (SInv)
You are afflicted with vampirism and can become a bat while bloodless.


Message History

Aim: an iguana (heavily wounded, 84% to hit)
The blast of sand misses the iguana.
The iguana barely misses you. The iguana bites you!
* * * LOW HITPOINT WARNING * * *
Your magical contamination has completely faded away.
It was a potion of curing.
You feel better. The iguana misses you.
You feel better. The iguana barely misses you.
You aren't carrying any items that you can evoke.
Unknown command.
You feel clever.
j - a +6 ring of intelligence (left hand)
Casting: Sandblast (safe; 3% risk of failure)
Confirm with . or Enter, or press ? or * to list all spells.
Aiming: Sandblast (safe; 3% risk of failure)
Press: ? - help, Shift-Dir - straight line, f/p - iguana
Aim: an iguana (heavily wounded, 84% to hit)
The blast of sand hits the iguana.
The iguana is almost dead.
The iguana barely misses you. The iguana bites you.
Unknown command.
Casting: Sandblast (safe; 3% risk of failure)
Confirm with . or Enter, or press ? or * to list all spells.
Aiming: Sandblast (safe; 3% risk of failure)
Press: ? - help, Shift-Dir - straight line, f/p - iguana
Aim: an iguana (severely wounded, 84% to hit)
The blast of sand hits the iguana but does no damage.
The iguana is severely wounded.
The iguana bites you!
* * * LOW HITPOINT WARNING * * *
Casting: Sandblast (safe; 3% risk of failure)
Confirm with . or Enter, or press ? or * to list all spells.
Aiming: Sandblast (safe; 3% risk of failure)
Press: ? - help, Shift-Dir - straight line, f/p - iguana
Aim: an iguana (severely wounded, 84% to hit)
The blast of sand hits the iguana.
The iguana is almost dead.
The iguana bites you!
* * * LOW HITPOINT WARNING * * *
The iguana bites you!
You die...

. . .# .#..#
######## ###.#..
.#.#.#.#.#.#.#.#
#.#.#.#.#.#.#.#
#.#.#?#.#.#.#
#.#.#@#.<.#
#.#l#.#.#.#
#.#.#.#.#.#
#.#.#.#.#.#.#
#.#.#.#.#.#.#.#
#.#.#.#.#.#.#)#.#
#.#.#.#
#.#.#.#.#. .#.#.#
#.#.#.#.# .#.#
#.#.#.#.


You could see an iguana.

Vanquished Creatures
  Sigmund (D:3)
  2 adders
  A worm (D:3)
  A dart slug (D:2)
  4 endoplasms
  A giant cockroach (D:2)
  6 goblins
  7 hobgoblins
  3 kobolds
  4 quokkas
  2 ball pythons (D:1)
  6 bats
  3 frilled lizards
  4 rats
45 creatures vanquished.

Notes
Turn   | Place    | Note
-------+----------+-------------------------------------------
     0 | D:1      | billz999 the Vampire Earth Elementalist began the quest for
                  | the Orb.
     0 | D:1      | Reached XP level 1. HP: 13/13 MP: 3/3
   189 | D:1      | Reached skill level 2 in Transmutations
   269 | D:1      | Reached XP level 2. HP: 19/19 MP: 3/5
   550 | D:1      | Reached skill level 3 in Transmutations
   779 | D:1      | Gained mutation: You are afflicted with vampirism and can
                  | become a bat while bloodless. [Vampire growth]
   779 | D:1      | Reached XP level 3. HP: 24/24 MP: 0/6
  1846 | D:3      | Noticed Sigmund
  1856 | D:3      | Killed Sigmund
  1857 | D:3      | Reached skill level 6 in Transmutations
  1857 | D:3      | Reached XP level 4. HP: 13/30 MP: 2/7
  1857 | D:3      | Reached XP level 5. HP: 15/35 MP: 2/8
  2049 | D:3      | Noticed Terence
  2173 | D:3      | Found a stormy altar of Qazlal.
  2341 | D:4      | Slain by an iguana

Illustrated notes

Levels and vault maps discovered:
D:1:      roderic_crossed_star, layout_rooms, minmay_heptomino_d4
D:2:      layout_basic, nicolae_figureground_sparkle
D:3:      layout_loops_ring, mainiacjoe_overflow_six_doors_small,
          lightli_temple_of_fire, nicolae_ecumenical_lake_church, st_stairs_8,
          uniq_terence, uniq_sigmund
D:4:      layout_basic, lemuel_crystal_altar, mainiacjoe_overflow_catwalk,
          dreamdust_mushroom_princess

Skill      XL: |  1  2  3 |
---------------+----------+-----
Transmutations | 2 3 6 |  6.4
Dodging        | |  2.1
Stealth        | |  3.0
Spellcasting   | |  2.0
Earth Magic    | |  3.0

Action                   |  1- 3 |  4- 6 || total
-------------------------+-------+-------++-------
 Fire: Sling             |    50 |    10 ||    60
 Cast: Sandblast         |    58 |    16 ||    74
  Use: Scroll            |       |     3 ||     3
       Potion            |       |     2 ||     2
Armor: Robe              |     7 |     2 ||     9
Dodge: Dodged            |    23 |    18 ||    41

Table legend: (Time is in decaauts)
 A = Elapsed time spent in this place.
 B = Non-inter-level travel time spent in this place.
 C = Inter-level travel time spent in this place.
 D = Time resting spent in this place.
 E = Time spent auto-exploring this place.
 F = Levels seen in this place.
 G = Mean time per level.
                   A        B        C        D        E       F      G
               +--------+--------+--------+--------+--------+-----+--------+
         Total |   2400 |   2237 |    163 |     38 |   1831 |   4 |  600.0 |
       Dungeon |   2400 |   2237 |    163 |     38 |   1831 |   4 |  600.0 |
               +--------+--------+--------+--------+--------+-----+--------+

Top non-repeatable levels by time:
     D:1: 924 daAuts
     D:2: 914 daAuts
     D:3: 535 daAuts
     D:4: 26 daAuts
